 Dungeon Crawl Stone Soup version 0.18.1-48-g4cf74bf (webtiles) character file.

1203 reisrdok the Covered (level 8, -4/61 HPs)
             Began as a Human Berserker on July 13, 2016.
             Was a Believer of Trog.
             Slain by baghtru's ghost (13 damage)
             ... on level 6 of the Dungeon.
             The game lasted 00:48:24 (5119 turns).

reisrdok the Covered (Human Berserker)              Turns: 5119, Time: 00:48:25

Health: -4/61      AC: 10    Str: 18    XL:     8   Next: 73%
Magic:  8/8        EV:  8    Int:  7    God:    Trog [**....]
Gold:   260        SH:  3    Dex: 15    Spells: 0 memorised, 7 levels left

rFire  . . .     SeeInvis .     a - +1 short sword
rCold  + . .     Gourm    .     z - +0 chain mail {rC+}
rNeg   . . .     Faith    .     b - +0 buckler
rPois  .         Spirit   .     (no helmet)
rElec  .         Dismiss  .     (no cloak)
rCorr  .         Reflect  .     (no gloves)
SustAt .         Harm     .     (no boots)
MR     ++...                    (no amulet)
Stlth  ..........               (no ring)
                                (no ring)

@: exhausted, regenerating, slowed, very slow, very resistant to hostile
enchantments, extremely unstealthy
A: no striking features
a: Berserk, Trog's Hand, Burn Spellbooks, Renounce Religion


You were on level 6 of the Dungeon.
You worshipped Trog.
Trog was pleased with you.
You were very hungry.

You visited 1 branch of the dungeon, and saw 6 of its levels.

You collected 260 gold pieces.

Inventory:

Hand Weapons
 a - a +1 short sword (weapon)
 f - a +0 war axe
 g - a +1 whip of flaming
 i - a -1 mace
 j - a +0 short sword
 l - a +0 hand axe
 n - a +0 mace
 p - a +0 hand crossbow
 r - a +0 spear
 s - a +0 dagger
 u - a +0 hand axe
Missiles
 d - 39 sling bullets
 e - 17 arrows
 h - 50 stones
 q - 14 bolts
 x - 2 tomahawks (quivered)
Armour
 b - a +0 buckler (worn)
 k - a +0 robe
 y - a +0 robe
 z - a +0 chain mail of cold resistance (worn)
 B - a +0 ring mail
Scrolls
 m - a scroll of amnesia
 t - 7 scrolls of remove curse
 w - a scroll of noise
Comestibles
 c - 2 bread rations
 o - 2 chunks of flesh
 v - a meat ration


   Skills:
 + Level 4.8 Fighting
 - Level 4.9 Short Blades
 * Level 1.8 Maces & Flails
 + Level 4.1 Throwing
 + Level 5.6 Armour
 + Level 4.2 Dodging
 + Level 0.2 Stealth


You had 7 spell levels left.
You didn't know any spells.

Dungeon Overview and Level Annotations

Branches:
Dungeon (6/15)
 Temple: D:4-7

Altars:
Cheibriados
Elyvilon
Okawaru

Annotations:
D:6 baghtru's ghost, novice HOFi


Message History

You closely miss baghtru's ghost.
Baghtru's ghost is heavily damaged.
Baghtru's ghost closely misses you. Baghtru's ghost hits you!
Your skin crawls.
You feel resistant to hostile enchantments.
You feel slightly more hungry. Baghtru's ghost hits you!
* * * LOW HITPOINT WARNING * * *
You barely miss baghtru's ghost.
Baghtru's ghost is heavily damaged.
Baghtru's ghost hits you.
* * * LOW HITPOINT WARNING * * *
You block baghtru's ghost's attack.
You hit baghtru's ghost but do no damage.
Baghtru's ghost is heavily damaged.
Baghtru's ghost hits you but does no damage.
Your skin crawls.
You feel resistant to hostile enchantments.
You feel slightly more hungry. You block baghtru's ghost's attack.
Baghtru's ghost hits you!
You die...

.........#
...[.....#
........>+
.........#
.........
........#
#a# #W#
#@# #.#
#.# #.#
#.# #.#
#.# #.#
#.#


You could see a worker ant and baghtru's ghost.

Vanquished Creatures
  Pikel (D:4)
  Grinder (D:3)
  A phantom (D:3)
  A giant frog (D:6)
  A howler monkey (D:4)
  A crimson imp (D:5)
  2 hounds (D:4)
  A gnoll shaman (D:4)
  2 iguanas
  A worker ant (D:4)
  7 adders
  4 gnolls (D:4)
  A shadow imp (D:5)
  2 worms
  A dart slug (D:3)
  5 giant geckos
  An orc (D:4)
  3 ball pythons
  7 bats
  4 giant cockroaches
  6 goblins
  4 hobgoblins
  7 jackals
  3 kobolds
  3 quokkas
  A giant gecko skeleton (D:4)
  2 giant newts
  6 rats
79 creatures vanquished.

Vanquished Creatures (others)
  An orc wizard (D:6)
  An adder (D:4)
  A worm (D:4)
  2 orcs
5 creatures vanquished.

Grand Total: 84 creatures vanquished

Notes
Turn   | Place    | Note
--------------------------------------------------------------
     0 | D:1      | reisrdok the Human Berserker began the quest for the Orb.
     0 | D:1      | Reached XP level 1. HP: 18/18 MP: 1/1
   333 | D:1      | Reached XP level 2. HP: 23/24 MP: 2/2
   877 | D:2      | Reached XP level 3. HP: 23/29 MP: 3/3
  1541 | D:2      | Reached XP level 4. HP: 31/35 MP: 4/4
  1659 | D:2      | Found a snail-covered altar of Cheibriados.
  1678 | D:2      | Reached ** piety under Trog
  1803 | D:3      | Found a white marble altar of Elyvilon.
  2234 | D:3      | Noticed Grinder
  2512 | D:3      | Killed Grinder
  2512 | D:3      | Reached skill level 3 in Armour
  2512 | D:3      | Reached XP level 5. HP: 30/42 MP: 5/5
  2512 | D:3      | Reached XP level 6. HP: 34/48 MP: 6/6
  3014 | D:3      | Noticed a phantom
  3062 | D:3      | Killed a phantom
  3543 | D:4      | Found an iron altar of Okawaru.
  3582 | D:4      | Noticed Pikel
  3582 | D:4      | Noticed a slave
  3583 | D:4      | Noticed a slave
  3589 | D:4      | Noticed a slave
  3600 | D:4      | Noticed a slave
  3629 | D:4      | Killed Pikel
  3629 | D:4      | Reached skill level 4 in Armour
  3629 | D:4      | Reached XP level 7. HP: 40/55 MP: 7/7
  3629 | D:4      | Reached XP level 8. HP: 44/61 MP: 8/8
  3792 | D:4      | Reached skill level 1 in Maces & Flails
  4236 | D:4      | Reached skill level 5 in Armour
  4624 | D:5      | Entered Level 5 of the Dungeon
  5086 | D:6      | Noticed baghtru's ghost (novice HOFi)
  5119 | D:6      | Slain by baghtru's ghost

Skill      XL: |  1  2  3  4  5  6  7  8 |
---------------+-------------------------+-----
Dodging        | 3 4 |  4.2
Short Blades   | 4 |  4.9
Throwing       | 2 3 4 |  4.1
Armour         | 3 4 5 |  5.6
Fighting       | 4 |  4.8
Maces & Flails | 1 |  1.8
Stealth        | |  0.2

Action                   |  1- 3 |  4- 6 |  7- 9 || total
-------------------------+-------+-------+-------++-------
Melee: Short sword       |    97 |   135 |   165 ||   397
       Whip              |       |       |    12 ||    12
Throw: Tomahawk          |       |    22 |     2 ||    24
       Stone             |       |    41 |     6 ||    47
Invok: Berserk           |       |     3 |     4 ||     7
       Trog's Hand       |       |     2 |     3 ||     5
  Use: Scroll            |     5 |     3 |       ||     8
       Potion            |     5 |     1 |     4 ||    10
  Eat: Chunk             |     3 |     7 |     5 ||    15
       Pizza             |       |     1 |       ||     1
       Bread ration      |       |       |     1 ||     1
Armor: Animal skin       |     5 |       |       ||     5
       Ring mail         |    28 |    23 |       ||    51
       Chain mail        |       |    19 |   103 ||   122
       Skin              |       |       |    26 ||    26
Dodge: Dodged            |    58 |    51 |    87 ||   196
Block: Buckler           |       |     5 |    39 ||    44
